 Dungeon Crawl Stone Soup version 0.17-a0-1674-g2b13139 (webtiles) character file.

28 Medar the Insei (level 2, 0/22 HPs)
             Began as a Demigod Transmuter on Aug 18, 2015.
             Succumbed to an adder's poison
             ... on level 2 of the Dungeon.
             The game lasted 00:06:22 (742 turns).

Medar the Insei (Demigod Transmuter)                 Turns: 742, Time: 00:06:22

Health: 0/22       AC:  2    Str: 13    XL:     2   Next: 75%
Magic:  1/7        EV: 12    Int: 22    God:
Gold:   11         SH:  0    Dex: 16    Spells: 2 memorised, 1 level left

rFire  . . .     SeeInvis .       - Unarmed
rCold  . . .     Clarity  .     b - +0 robe
rNeg   . . .     SustAt   +     (no shield)
rPois  .         Gourm    .     (no helmet)
rElec  .         Spirit   .     (no cloak)
rCorr  .         Warding  .     (no gloves)
rMut   .         Stasis   .     (no boots)
MR     .....                    (no amulet)
Stlth  +.........               (no ring)
                                (no ring)

@: brilliant, lethally poisoned (0 -> -4), appendage, flying, very slightly
contaminated, not resistant to hostile enchantments, very unstealthy
A: horns 2, high mp 1, sustain attributes
a: End Transformation


You were on level 2 of the Dungeon.
You were not hungry.
You had grown temporary horns.
You visited 1 branch of the dungeon, and saw 2 of its levels.

You collected 11 gold pieces.

Inventory:

Missiles
 a - 10 arrows
 l - 16 poisoned needles
 n - a stone (quivered)
Armour
 b - a +0 robe (worn)
 f - a +0 leather armour
 i - a +0 ring mail
Scrolls
 e - a scroll of teleportation {unknown}
 j - 2 scrolls of blinking {unknown}
 k - 2 scrolls of identify {unknown}
Books
 c - a book of Changes

   Spells                             Type                      Level
   a - Beastly Appendage              Transmutation                1
   b - Sticks to Snakes               Transmutation                2
   c - Spider Form                    Transmutation/Poison         3
   d - Ice Form                       Ice/Transmutation            4
   e - Blade Hands                    Transmutation                5
Comestibles
 d - a bread ration {@e1}
 g - 4 chunks of flesh
 o - a beef jerky


   Skills:
 - Level 0.8 Fighting
 - Level 1.7 Dodging
 + Level 3.8 Unarmed Combat
 - Level 1.7 Spellcasting
 - Level 1.7 Transmutations


You had one spell level left.
You knew the following spells:

 Your Spells              Type           Power        Failure   Level  Hunger
d - Sticks to Snakes      Trmt           ###.......   1%          2    ###....
s - Beastly Appendage     Trmt           ###...       1%          1    #......


Dungeon Overview and Level Annotations

Branches:
Dungeon (2/15)


Innate Abilities, Weirdness & Mutations

You have an increased reservoir of magic (+10% MP).
Your attributes are resistant to harm.
You have a pair of horns on your head.


Message History

Your ball python constricts the worm.
Your ball python bites the worm but does no damage.
Your ball python constricts the worm.
You hit the worm.
The worm is almost dead.
The worm barely misses you.
Your ball python bites the worm.
Your ball python constricts the worm.
The worm barely misses you.
You hit the worm but do no damage. You headbutt the worm.
You kill the worm!
You hit the worm. You headbutt the worm!
The worm is heavily wounded.
The worm bites you.
* * * LOW HITPOINT WARNING * * *
You hit the worm.
The worm is severely wounded.
Your ball python bites the worm.
Your ball python grabs the worm.
Your ball python constricts the worm.
You hit the worm.
You kill the worm!
You die...

#...#.###....... #.
#####........... #.
#.##........ #?
####.#####.. #. ...
#.# #.
###############.# #.
#............##w#
#.##............##.#
#..@S...........##.#
####..........>.##.#
#........w...##.#
#................w.#
####............#..#
.............###..#
############## #..#
..... ######


You could see a friendly ball python.

Vanquished Creatures
  2 worms (D:2)
  4 goblins
  A hobgoblin (D:2)
  3 bats
  A giant gecko (D:2)
  3 kobolds
  2 rats (D:2)
16 creatures vanquished.

Vanquished Creatures (collateral kills)
  An adder (D:2)
1 creature vanquished.

Grand Total: 17 creatures vanquished

Notes
Turn   | Place    | Note
--------------------------------------------------------------
     0 | D:1      | Medar the Demigod Transmuter began the quest for the Orb.
     0 | D:1      | Reached XP level 1. HP: 15/15 MP: 5/5
   308 | D:1      | Reached skill level 3 in Unarmed Combat
   358 | D:2      | Found a stormy altar of Qazlal.
   523 | D:2      | Reached XP level 2. HP: 11/22 MP: 5/7
   568 | D:2      | Learned a level 2 spell: Sticks to Snakes
   740 | D:2      | HP: 1/22 [worm (3)]
   742 | D:2      | Succumbed to an adder's poison

Vault maps used:
D:1:      scummos_arrival_gate
D:2:      nemelex_altar_shiori, first_bread, grunt_qazlal_clouds

Action                   || total
-------------------------++-------
Melee: Unarmed           ||    43
 Cast: Beastly Appendage ||    13
       Sticks to Snakes  ||     2
  Use: Potion            ||     2
 Stab: Sleeping          ||     2
